 Dungeon Crawl Stone Soup version 0.27-a0-520-gb83adbd1c9 (webtiles) character file.

Game seed: 1752975608044497270

64 Morbidden the Firebug (level 3, -3/27 HPs)
             Began as a Demigod Fire Elementalist on Mar 4, 2021.
             Slain by an orc
             ... wielding a +0 mace
              (10 damage)
             ... on level 3 of the Dungeon.
             The game lasted 00:02:17 (2421 turns).

Morbidden the Firebug (Demigod Fire Elementalist)   Turns: 2421, Time: 00:02:17

Health: -3/27      AC:  2    Str:  9    XL:     3   Next: 64%
Magic:  0/9        EV: 12    Int: 21    God:
Gold:   197        SH:  0    Dex: 14    Spells: 5/6 levels left

rFire    . . .     SeeInvis .   a - +0 dagger
rCold    . . .     Faith    .   (no shield)
rNeg     . . .     Spirit   +   j - +0 robe
rPois    .         Reflect  .   (no helmet)
rElec    .         Harm     .   (no cloak)
rCorr    .         Rampage  .   (no gloves)
Will     .....                  (no boots)
Stlth    ++........             p - amulet of guardian spirit
HPRegen  0.09/turn              l - ring of wizardry
MPRegen  0.11/turn              (no ring)

@: no status effects
A: high mp 1, forlorn
a: no special abilities


You were on level 3 of the Dungeon.
You visited 1 branch of the dungeon, and saw 3 of its levels.

You collected 197 gold pieces.

Inventory:

Hand Weapons
 a - a +0 dagger (weapon)
Armour
 j - a +0 robe (worn)
Jewellery
 l - a ring of wizardry (left hand)
 p - an amulet of guardian spirit (around neck)
Scrolls
 e - 3 scrolls of teleportation {unknown}
 f - a scroll of fear {unknown}
 g - 2 scrolls of magic mapping {unknown}
 i - a scroll of enchant weapon {unknown}
 m - 2 scrolls of identify {unknown}
Potions
 b - a potion of heal wounds {unknown}
 c - a potion of mutation {unknown}
 d - 2 potions of lignification {unknown}
 h - a potion of cancellation {unknown}
 k - 4 potions of brilliance {unknown}
 n - a potion of haste
 o - 3 potions of curing {unknown}


   Skills:
 * Level 0.3 Fighting
 + Level 1.7 Dodging
 + Level 1.8 Stealth
 * Level 2.4 Spellcasting
 * Level 1.5 Conjurations
 * Level 3.5 Fire Magic


You had 5 spell levels left.
You knew the following spells:

 Your Spells              Type           Power        Failure   Level
a - Foxfire               Conj/Fire      52%          1%          1

Your spell library contained the following spells:

 Spells                   Type           Power        Failure   Level
 Conjure Flame            Conj/Fire      13%          6%          3
 Inner Flame              Hex/Fire       9%           9%          3
 Sticky Flame             Conj/Fire      13%          19%         4
 Fireball                 Conj/Fire      6%           45%         5


Dungeon Overview and Level Annotations

Branches:
Dungeon (3/15)


Innate Abilities, Weirdness & Mutations

Your attributes grow dramatically as you level up.
You have an increased reservoir of magic. (+10% MP)
You shall have no god before yourself.


Message History

Confirm with . or Enter, or press ? or * to list all spells.
You miscast Foxfire.
You are very lightly contaminated with residual magic.
Nothing appears to happen.
Unknown command.
Casting: Foxfire (safe; 1% risk of failure)
Confirm with . or Enter, or press ? or * to list all spells.
You conjure some foxfire!
The orc hits you with a +0 flail.
The foxfire hits the orc.
The orc is moderately wounded.
The foxfire hits the orc but does no damage.
The orc is moderately wounded.
The orc closely misses you.
Unknown command.
Casting: Foxfire (safe; 1% risk of failure)
Confirm with . or Enter, or press ? or * to list all spells.
You conjure some foxfire!
The orc hits you with a +0 flail!
The foxfire hits the orc.
The orc is heavily wounded.
The foxfire hits the orc but does no damage.
The orc is moderately wounded.
The orc misses you.
Unknown command.
Casting: Foxfire (safe; 1% risk of failure)
Confirm with . or Enter, or press ? or * to list all spells.
You conjure some foxfire!
The orc closely misses you. The orc barely misses you.
The foxfire hits the orc.
The orc is moderately wounded.
The foxfire hits the orc.
The orc is almost dead.
The orc hits you with a +0 mace.
Your magical contamination has completely faded away.
Unknown command.
Casting: Foxfire (safe; 1% risk of failure)
Confirm with . or Enter, or press ? or * to list all spells.
You conjure some foxfire!
The orc hits you with a +0 flail!
* * * LOW HITPOINT WARNING * * *
The orc hits you with a +0 mace!
You die...

########### #.........#
#.........#
#.........#######
#................
#.........######
#.........# ###
#......vo.#### #.#
#.....)v@o...### ##.##
############...######.>..
####..>##......
#......).......
.....####.##...... ####
#....##### #..### # #...
#..#.#


You could see 2 orcs.

Vanquished Creatures
  Jessica (D:2)
  2 leopard geckos (D:1)
  4 orcs (D:3)
  A giant cockroach (D:1)
  5 goblins (D:1)
  A hobgoblin (D:1)
  A quokka (D:2)
  4 bats
  4 frilled lizards
  8 kobolds
  3 rats
34 creatures vanquished.

Vanquished Creatures (others)
  148 foxfires
148 creatures vanquished.

Grand Total: 182 creatures vanquished

Notes
Turn   | Place    | Note
-------+----------+-------------------------------------------
     0 | D:1      | Morbidden the Demigod Fire Elementalist began the quest for
                  | the Orb.
     0 | D:1      | Reached XP level 1. HP: 14/14 MP: 5/5
   119 | D:1      | Reached skill level 3 in Fire Magic
   227 | D:1      | Reached skill level 1 in Conjurations
   451 | D:1      | Reached XP level 2. HP: 20/20 MP: 5/7
  1135 | D:2      | Noticed Jessica
  1139 | D:2      | Killed Jessica
  1140 | D:2      | Reached XP level 3. HP: 27/27 MP: 5/8
  2421 | D:3      | Slain by an orc

Illustrated notes

Levels and vault maps discovered:
D:1:      minmay_arrival_semitransparent, layout_basic
D:2:      layout_basic, nicolae_ru_the_path_less_chosen, uniq_jessica
D:3:      layout_rooms, overflow_temple_1_default, general_overflow_altar,
          lemuel_crystal_altar, chequers_avenue

Skill      XL: |  1  2 |
---------------+-------+-----
Fire Magic     | 3 |  3.5
Conjurations   | 1 |  1.5
Spellcasting   | 2 |  2.4
Fighting       | |  0.3
Dodging        | |  1.7
Stealth        | |  1.8

Action                   || total
-------------------------++-------
Melee: Unarmed           ||     3
 Cast: Foxfire           ||    85
Armor: Robe              ||     3
Dodge: Dodged            ||    34

Table legend: (Time is in decaauts)
 A = Elapsed time spent in this place.
 B = Non-inter-level travel time spent in this place.
 C = Inter-level travel time spent in this place.
 D = Time resting spent in this place.
 E = Time spent auto-exploring this place.
 F = Levels seen in this place.
 G = Mean time per level.
                   A        B        C        D        E       F      G
               +--------+--------+--------+--------+--------+-----+--------+
         Total |   2421 |   2325 |     96 |    294 |   1731 |   3 |  807.0 |
       Dungeon |   2421 |   2325 |     96 |    294 |   1731 |   3 |  807.0 |
               +--------+--------+--------+--------+--------+-----+--------+

Top non-repeatable levels by time:
     D:1: 1134 daAuts
     D:2: 1000 daAuts
     D:3: 286 daAuts
